Map: Divergence LE

Players

пипи - Winner!

  • Race: Zerg Zerg
  • League: Gold
  • Spawn Location: 5:00

подчас - Winner!

  • Race: Zerg Zerg
  • League: Platinum
  • Spawn Location: 5:00

Nigrnog

  • Race: Zerg Zerg
  • League: Gold
  • Spawn Location: 11:00

MooEsqoo

  • Race: Protoss Protoss
  • Spawn Location: 11:00

VOD

Have the link to the VOD?

Description

Time

  • Played on: Jan. 20, 2020, 9:30 a.m.
  • Length: 20:38
Show
View Real Time Build Order
Export as new Build Order

пипи Zerg - Winner!

Build Orders: Pool First 

Get SALT Encoding   

  12  0:09  Drone  
  12  0:10  Drone  
  14  0:22  Overlord  
  14  0:42  Drone x2  
  16  0:46  Spawning Pool  
  16  0:48  Drone  
  16  1:00  Extractor  
  16  1:02  Drone  
  16  1:05  Drone  
  17  1:15  Overlord  
  17  1:27  Drone  
  18  1:36  Queen  
  18  1:38  Drone  
  21  1:43  Extractor  
  20  1:55  Drone  
  21  2:11  Metabolic Boost  
  21  2:20  Drone x2  
  21  2:21  Drone  
  24  2:32  Overlord  
  24  2:50  Zergling x6  
  24  2:51  Zergling x2  
  28  3:07  Zergling x2  
  28  3:09  Hatchery  
  28  3:10  Queen  
  30  3:13  Overlord  
  30  3:20  Zergling x8  
  34  3:55  Zergling x2  
  34  3:56  Zergling x4  
  33  4:42  Drone x4  
  33  4:43  Drone x2  
  39  4:46  Drone x3  
  42  5:12  Drone  
  42  5:13  Drone  
  44  5:18  Lair  
  44  5:32  Spore Crawler  
  40  6:04  Queen  
  40  6:08  Overlord x2  
  40  6:09  Overlord  
  42  6:22  Spire  
  42  6:24  Zergling x2  
  42  6:34  Drone x3  
  42  6:35  Drone x3  
  48  6:40  Drone x3  
  51  6:54  Extractor  
  51  6:59  Extractor  
  49  7:23  Spire  
  48  7:38  Spore Crawler  
  48  7:39  Spore Crawler  
  48  7:40  Drone x3  
  48  7:44  Drone x3  
  52  8:06  Zerg Flyer Weapons Level 1  
  52  8:08  Mutalisk x7  
  52  8:09  Mutalisk x3  
  52  8:11  Mutalisk  
  74  8:15  Overlord x3  
  73  8:59  Mutalisk x5  
  73  9:00  Mutalisk x3  
  89  9:12  Zerg Flyer Armor Level 1  
  81  10:58  Zerg Flyer Weapons Level 2  
  81  11:24  Mutalisk  
  81  11:25  Mutalisk x5  
  85  11:26  Mutalisk x3  
  85  11:30  Overlord x2  
  85  11:31  Overlord x6  
  85  11:32  Overlord x3  
  99  11:35  Zerg Flyer Armor Level 2  
  96  11:48  Extractor  
  95  11:54  Drone  
  95  11:55  Drone x2  
  98  12:04  Extractor  
  98  12:06  Drone x3  
  100  12:21  Mutalisk x2  
  100  12:22  Mutalisk x4  
  112  12:32  Zergling x12  
  112  12:33  Zergling x8  
  90  15:35  Infestation Pit  
  89  15:46  Zergling x6  
  89  15:47  Zergling x4  
  89  15:49  Zergling x6  
  98  15:50  Zergling x14  
  98  15:51  Zergling x10  
  98  15:52  Zergling x10  
  98  15:53  Zergling x12  
  98  15:54  Zergling x4  
  84  17:29  Mutalisk  
  84  17:30  Mutalisk x4  
  84  17:31  Mutalisk x7  
  84  17:32  Mutalisk x3  
  96  18:21  Zergling x10  
  96  18:22  Zergling x10  
  106  18:35  Hatchery  
  71  19:15  Zergling x2  
  71  19:16  Zergling x12  
  71  19:17  Zergling x12  
  80  19:18  Zergling x2  
  79  19:45  Zergling x12  
  76  19:46  Zergling x6  
  80  20:07  Zergling x6  
  80  20:08  Zergling x8  
Show
View Real Time Build Order
Export as new Build Order

подчас Zerg - Winner!

Build Orders: Pool First 

Get SALT Encoding   

  12  0:18  Spawning Pool  
  11  0:27  Drone x2  
  13  0:30  Drone  
  14  0:41  Overlord  
  14  1:05  Queen  
  16  1:11  Zergling x2  
  16  1:12  Zergling x4  
  19  1:18  Extractor  
  19  1:23  Drone  
  19  1:39  Hatchery  
  18  1:55  Drone x3  
  21  2:29  Drone  
  21  2:30  Drone  
  22  2:54  Hatchery  
  22  2:56  Metabolic Boost  
  21  3:01  Drone x3  
  24  3:11  Drone x3  
  27  3:23  Overlord x2  
  27  3:24  Overlord x2  
  27  3:34  Spine Crawler  
  27  3:38  Spine Crawler, Zergling x2  
  27  3:39  Zergling x2  
  27  4:19  Zergling x16  
  33  4:37  Lair  
  33  4:41  Extractor  
  33  4:42  Drone  
  33  4:43  Drone x6  
  37  4:54  Extractor  
  37  4:58  Drone x3  
  39  5:23  Drone  
  39  5:24  Drone x6  
  43  5:33  Spore Crawler  
  38  5:39  Spore Crawler  
  37  5:45  Spore Crawler  
  36  6:09  Spire  
  36  6:10  Drone x9  
  36  6:11  Drone x3  
  47  6:27  Drone  
  47  6:28  Drone x3  
  50  7:01  Overlord x3  
  43  7:23  Evolution Chamber  
  43  7:24  Mutalisk x4  
  43  7:25  Mutalisk x4  
  58  7:36  Baneling Nest  
  57  7:42  Spine Crawler  
  56  7:48  Mutalisk x3  
  62  8:08  Drone x8  
  70  8:17  Extractor  
  69  8:20  Zerg Flyer Weapons Level 1  
  69  8:40  Hatchery  
  66  8:57  Mutalisk x5  
  66  9:00  Drone x4  
  80  9:27  Hatchery  
  79  9:47  Extractor  
  79  9:51  Extractor  
  77  10:00  Extractor  
  77  10:01  Extractor  
  75  10:24  Mutalisk  
  75  10:25  Mutalisk x8  
  93  10:57  Mutalisk  
  93  10:58  Mutalisk x3  
  101  11:05  Zerg Flyer Weapons Level 2  
  101  11:19  Overlord  
  101  11:20  Overlord x13  
  89  12:23  Mutalisk x12  
  89  12:24  Mutalisk x3  
  95  14:21  Mutalisk x8  
  95  14:22  Mutalisk x7  
  99  15:22  Mutalisk x10  
  99  15:23  Mutalisk x5  
  129  15:40  Mutalisk  
  129  15:41  Mutalisk x4  
  139  15:50  Zerg Flyer Armor Level 1  
  139  16:11  Mutalisk x12  
  159  18:21  Mutalisk  
  159  18:22  Mutalisk x14  
  135  19:13  Zergling x2  
  135  19:14  Zergling x28  
  118  19:28  Zergling x2  
  118  19:29  Zergling x8  
  79  20:18  Zergling x2  
  79  20:19  Zergling x22  
  79  20:20  Zergling x6  
Show
View Real Time Build Order
Export as new Build Order

Nigrnog Zerg 

Build Orders: Hatch First, Zergling Baneling 

Get SALT Encoding   

  12  0:01  Drone  
  13  0:13  Drone  
  14  0:18  Overlord  
  14  0:51  Drone x2  
  14  0:53  Drone, Hatchery  
  16  1:02  Drone  
  16  1:03  Extractor  
  16  1:13  Drone  
  17  1:19  Spawning Pool  
  17  1:23  Drone  
  17  1:38  Drone  
  18  1:45  Drone  
  19  2:06  Zergling x4  
  21  2:10  Drone  
  22  2:17  Zergling x4  
  22  2:19  Queen  
  22  2:20  Queen  
  27  2:33  Zergling x2  
  28  2:49  Overlord  
  28  2:50  Overlord  
  28  3:01  Roach Warren  
  28  3:03  Metabolic Boost  
  28  3:05  Baneling Nest  
  26  3:06  Lair  
  26  3:08  Drone  
  27  3:16  Drone x2  
  29  3:25  Drone x3  
  32  3:46  Spine Crawler  
  31  3:48  Spine Crawler  
  31  3:51  Drone x4  
  34  3:57  Drone x2  
  36  4:07  Extractor  
  29  4:22  Zergling x8  
  29  4:23  Zergling x4  
  32  4:41  Drone  
  32  4:42  Drone x2  
  32  4:45  Baneling x5  
  35  4:46  Baneling x3  
  35  4:48  Drone  
  35  4:49  Drone x2  
  38  5:25  Baneling x4  
  38  5:29  Hatchery  
  37  5:40  Centrifical Hooks  
  37  5:50  Hatchery  
  36  5:58  Hatchery  
  35  6:19  Hatchery  
  34  6:28  Drone x4  
  35  7:17  Zergling x12  
  35  7:18  Zergling x4  
  35  7:21  Hatchery  
  42  7:23  Spire  
  41  7:30  Spire  
  41  7:34  Drone  
  41  7:51  Queen  
  43  7:56  Drone  
  44  8:05  Spore Crawler  
  44  8:07  Spore Crawler  
  44  8:10  Spore Crawler  
  44  8:12  Spore Crawler  
  40  8:16  Spore Crawler  
  39  8:35  Corruptor  
  39  8:36  Corruptor  
  39  8:38  Corruptor  
  45  8:46  Spore Crawler  
  45  8:47  Extractor  
  43  8:49  Extractor  
  43  8:53  Spore Crawler  
  43  8:55  Drone  
  42  9:00  Drone  
  43  9:04  Drone  
  43  9:09  Drone  
  45  9:10  Drone  
  45  9:13  Drone  
  47  9:19  Drone  
  47  9:20  Drone  
  50  9:24  Drone  
  50  9:31  Queen  
  52  9:35  Drone  
  52  9:37  Drone  
  54  9:41  Drone x2  
  56  9:48  Queen  
  58  9:54  Queen  
  60  10:00  Corruptor  
  60  10:06  Corruptor  
  64  10:28  Corruptor x2  
  64  10:30  Overlord x3  
  68  10:54  Baneling x4  
  68  10:55  Corruptor, Baneling x2  
  68  10:56  Corruptor x2  
  74  10:57  Overlord  
  74  11:02  Queen  
  76  11:07  Drone x2  
  78  11:13  Drone x2  
  78  11:14  Drone x3  
  83  11:22  Corruptor  
  85  11:25  Corruptor  
  81  11:46  Corruptor x2  
  67  11:56  Spore Crawler x2  
  67  11:58  Spore Crawler  
  67  12:00  Drone x5  
  67  12:01  Drone  
  66  12:12  Spore Crawler  
  66  12:14  Spore Crawler  
  64  12:16  Spore Crawler  
  64  12:19  Overlord x2  
  64  12:20  Overlord x3  
  63  12:35  Overlord x5  
  63  12:36  Overlord  
  63  12:42  Drone x3  
  63  12:43  Drone  
  67  12:49  Spore Crawler  
  66  12:53  Drone x2  
  66  12:54  Drone x3  
  66  12:55  Drone  
  72  13:01  Drone x4  
  72  13:03  Drone  
  72  13:05  Drone  
  78  13:16  Drone x5  
  82  13:28  Corruptor x3  
  82  13:29  Corruptor  
  79  13:39  Spore Crawler  
  79  13:40  Spore Crawler x2  
  75  13:42  Spore Crawler  
  75  13:43  Spore Crawler  
  75  13:46  Corruptor  
  63  13:58  Corruptor x2  
  67  14:07  Spore Crawler  
  64  14:11  Corruptor  
  64  14:12  Corruptor  
  68  14:32  Corruptor  
  65  15:13  Lair  
  65  15:19  Spawning Pool  
  64  15:29  Drone x3  
  67  15:45  Extractor  
  67  15:47  Extractor  
  67  15:49  Hatchery  
  65  15:50  Drone x3  
  65  15:53  Drone x3, Hatchery  
  65  15:54  Drone x3  
  72  16:43  Spire  
  67  17:02  Extractor  
  67  17:06  Extractor  
  67  17:07  Extractor  
  67  17:08  Extractor  
  65  17:15  Drone  
  67  17:24  Hatchery  
  61  17:33  Spore Crawler  
  61  17:36  Spore Crawler  
  59  17:39  Spore Crawler x2  
  59  17:40  Hatchery  
  59  17:42  Spore Crawler  
  55  17:44  Spore Crawler x2  
  55  17:46  Spore Crawler  
  55  17:47  Spore Crawler x2  
  55  17:49  Drone x5  
  55  17:50  Drone x7  
  55  17:51  Drone x8, Spore Crawler  
  66  17:52  Drone x7  
  66  17:53  Drone x6  
  80  18:07  Spore Crawler x2  
  80  18:12  Spore Crawler  
  61  18:21  Corruptor x5  
  71  18:33  Corruptor x3  
  71  18:34  Corruptor x3  
  85  18:48  Corruptor  
  79  19:37  Hatchery  
  78  19:51  Spawning Pool, Zergling x12  
  78  19:52  Zergling x4  
  85  19:59  Spine Crawler  
  80  20:01  Evolution Chamber  
  69  20:18  Zergling x2  
  69  20:19  Zergling x10  
Show
View Real Time Build Order
Export as new Build Order

MooEsqoo Protoss 

Build Orders:  

Get SALT Encoding   

  12  0:01  Probe  
  13  0:17  Pylon  
  13  0:20  Probe  
  14  0:38  Probe  
  15  0:46  Gateway  
  15  0:51  Probe (Chrono Boost)  
  15  0:54  Assimilator  
  16  1:01  Probe (Chrono Boost)  
  17  1:06  Probe (Chrono Boost)  
  18  1:18  Gateway  
  18  1:27  Pylon  
  18  1:32  Probe (Chrono Boost)  
  19  1:35  Assimilator  
  19  1:43  Probe (Chrono Boost)  
  22  1:47  Zealot (Chrono Boost), Probe (Chrono Boost)  
  23  2:06  Zealot (Chrono Boost)  
  25  2:17  Cybernetics Core  
  25  2:22  Probe  
  26  2:34  Probe  
  27  2:54  Probe  
  27  2:57  Stalker  
  30  3:06  Probe  
  30  3:10  Shield Battery  
  30  3:11  Shield Battery  
  31  3:14  Pylon  
  31  3:18  Stargate  
  31  3:27  Pylon  
  31  3:32  Stalker (Chrono Boost)  
  33  3:43  Probe  
  36  3:48  Warp Gate  
  36  3:52  Stalker (Chrono Boost)  
  36  3:55  Probe, Robotics Facility  
  37  4:09  Oracle (Chrono Boost)  
  37  4:11  Assimilator  
  37  4:14  Zealot  
  37  4:15  Assimilator  
  42  4:45  Stalker  
  44  4:46  Stalker  
  47  4:52  Probe  
  47  5:14  Pylon  
  47  5:17  Pylon  
  47  5:19  Pylon  
  47  5:21  Pylon  
  47  5:22  Pylon  
  47  5:24  Pylon  
  47  5:32  Oracle  
  47  5:33  Probe  
  51  5:45  Probe  
  49  5:58  Stalker  
  49  5:59  Stalker  
  49  6:02  Immortal (Chrono Boost)  
  53  6:05  Gateway  
  53  6:07  Gateway  
  53  6:08  Gateway  
  57  6:22  Nexus  
  57  6:44  Probe  
  58  6:50  Nexus  
  58  6:54  Pylon  
  58  6:56  Probe  
  58  7:01  Stalker  
  61  7:03  Sentry  
  61  7:04  Sentry  
  65  7:15  Shield Battery  
  65  7:24  Probe  
  65  7:28  Observer (Chrono Boost)  
  67  7:36  Probe  
  68  7:42  Shield Battery  
  68  7:44  Shield Battery  
  68  7:50  Pylon  
  68  7:51  Probe x2  
  67  8:16  Pylon  
  67  8:21  Forge  
  67  8:25  Stalker x2  
  67  8:26  Stalker  
  73  8:40  Probe x2  
  73  8:41  Probe  
  76  8:51  Pylon  
  76  8:52  Probe  
  76  8:53  Probe x2  
  79  8:56  Pylon  
  79  9:02  Photon Cannon  
  79  9:04  Photon Cannon  
  79  9:17  Photon Cannon  
  79  9:19  Photon Cannon  
  79  9:21  Photon Cannon  
  79  9:26  Photon Cannon  
  79  9:35  Probe x3  
  79  9:38  Protoss Ground Weapons Level 1 (Chrono Boost)  
  82  9:47  Probe x2  
  84  10:04  Photon Cannon  
  84  10:06  Photon Cannon  
  70  10:28  Pylon  
  70  10:29  Stalker x4  
  77  10:44  Pylon  
  74  11:05  Shield Battery  
  74  11:06  Shield Battery  
  74  11:10  Pylon  
  74  11:20  Assimilator  
  74  11:24  Assimilator  
  74  11:28  Pylon  
  74  11:32  Photon Cannon  
  74  11:52  Stalker x5  
  82  12:27  Stalker x3  
  82  12:28  Stalker x2  
  92  12:38  Twilight Council  
  92  12:40  Protoss Ground Armor Level 1 (Chrono Boost)  
  92  12:43  Immortal (Chrono Boost)  
  96  12:57  Photon Cannon  
  96  13:00  Photon Cannon  
  96  13:02  Probe x2  
  96  13:03  Probe, Photon Cannon  
  96  13:04  Shield Battery  
  99  13:08  Shield Battery  
  99  13:14  Probe, Pylon  
  99  13:15  Probe, Warp Prism  
  99  13:18  Shield Battery  
  93  13:32  Phoenix  
  41  13:56  Stalker x5  
  24  14:15  Probe (Chrono Boost)  
  20  14:21  Stalker x4  
  28  14:25  Probe (Chrono Boost)  
  28  14:30  Probe (Chrono Boost)  
  29  14:48  Shield Battery  
  29  14:55  Gateway  
  29  14:57  Gateway  
  29  14:59  Gateway  
  29  15:01  Gateway  
  28  15:38  Probe (Chrono Boost)  
  30  15:50  Probe (Chrono Boost)  
  30  15:55  Probe (Chrono Boost)  
  31  15:58  Sentry x2  
  31  15:59  Stalker x2  
  39  16:20  Pylon  
  39  16:29  Stargate  
  39  16:33  Pylon  
  39  16:38  Probe  
  40  16:50  Probe  
  39  16:56  Stalker x3  
  39  16:57  Stalker  
  43  17:07  Shield Battery  
  43  17:11  Phoenix (Chrono Boost)  
  45  17:24  Stargate  
  45  17:41  Pylon  
  2  18:52  Nexus  
  2  18:58  Pylon  
  2  20:19  Probe (Chrono Boost)  
  4  20:29  Probe (Chrono Boost)  
Tags
 
Add a new tag
Caveats
  • Supply blocks, unpowered buildings, or Contaminate may cause inaccurate times.
  • Supply counts are checked every 10 seconds.